Devils vs Lightning

Created - December 12 2007 at 19:00

Goals
1 2 3 T
Devils 3 2 0 5
Lightning 0 1 1 2
Shots
1 2 3 T
Devils 11 11 9 31
Lightning 9 13 9 31

Period #1

1. Devils , Paul Martin 2 (Jean-Pierre Dumont, Ryan Getzlaf) at 7:59 (PP)
2. Devils , Miroslav Satan 13 (Jamie Langenbrunner, Paul Martin) at 10:33
3. Devils , Patrik Elias 8 (Ryan Getzlaf) at 11:01 (PP)

Penalties :
Mats Sundin (TBL) for Interference (Minor) at 0:44, Jamie Langenbrunner (NJD) for Hooking (Minor) at 2:46, Chris Phillips (TBL) for Hooking (Minor) at 6:02, Tim Taylor (TBL) for Slashing (Minor) at 10:49, Eric Lindros (TBL) for Hooking (Minor) at 12:33, Eric Lindros (TBL) for Holding (Minor) at 16:15

Period #2

4. Lightning , Vincent Lecavalier 20 (Willie Mitchell, Martin Gerber) at 3:35
5. Devils , Brendan Witt 3 (Michael Nylander, Zach Parise) at 8:44
6. Devils , Daniel Alfredsson 10 (Chris Chelios, Ryan Getzlaf) at 14:18 (SH)

Penalties :
Ruslan Fedotenko (TBL) for Hooking (Minor) at 12:18, Patrik Elias (NJD) for Tripping (Minor) at 12:47, Ruslan Fedotenko (TBL) for Hooking (Minor) at 15:05, Brendan Witt (NJD) for Hooking (Minor) at 18:44

Period #3

7. Lightning , Carlo Colaiacovo 3 (Mats Sundin) at 1:03 (PP)

Penalties :
Colin White (NJD) for Hooking (Minor) at 0:41, Chris Chelios (NJD) for Tripping (Minor) at 4:27, Jaromir Jagr (TBL) for Tripping (Minor) at 7:23, Chris Phillips (TBL) for Slashing (Double Minor) at 12:10, Brad Lukowich (NJD) for Hooking (Minor) at 16:31

Goalie Stats

Martin Brodeur (NJD), 29 saves from 31 shots - (0.935), W, 21-12-3, 60:00 minutes
Jean-Sebastien Aubin (TBL), 14 saves from 15 shots - (0.933), 31:16 minutes
Martin Gerber (TBL), 12 saves from 16 shots - (0.750), L, 17-13-6, 28:44 minutes

Players Stats

Devils
Player Name              G  A  P  +/- PIM S  H  SB FO MP 
-----------------------------------------------------------
Ben Eager                0  0  0   0  0   0  0  0  0  6  
Brad Lukowich            0  0  0   1  2   0  1  0  0  18 
Brendan Witt             1  0  1   0  2   3  1  0  0  24 
Chris Chelios            0  1  1   0  2   0  0  0  0  23 
Colin White              0  0  0   1  2   0  4  3  0  24 
Daniel Alfredsson        1  0  1   0  0   4  3  0  0  22 
Jamie Langenbrunner      0  1  1   2  2   2  0  0  2  16 
Jean-Pierre Dumont       0  1  1   0  0   2  0  0  1  19 
John Madden              0  0  0   1  0   2  0  1  15 12 
Juraj Kolnik             0  0  0   0  0   2  0  0  0  6  
Michael Nylander         0  1  1   0  0   4  0  0  31 20 
Miroslav Satan           1  0  1   1  0   4  0  0  2  13 
Patrik Elias             1  0  1   0  2   1  0  0  1  19 
Paul Martin              1  1  2   1  0   2  0  2  0  22 
Ryan Getzlaf             0  3  3   0  0   4  1  0  36 23 
Timo Helbling            0  0  0   1  0   0  0  1  0  13 
Travis Zajac             0  0  0   1  0   0  0  0  13 13 
Zach Parise              0  1  1   0  0   1  2  1  0  18 
Lightning
Player Name              G  A  P  +/- PIM S  H  SB FO MP 
-----------------------------------------------------------
Antti Laaksonen          0  0  0   0  0   0  0  0  0  4  
Carlo Colaiacovo         1  0  1  -1  0   1  0  1  0  21 
Chris Phillips           0  0  0   0  6   1  0  0  0  23 
Cory Sarich              0  0  0  -2  0   1  1  2  0  18 
Dimitry Afanasenkov      0  0  0   0  0   0  0  0  0  4  
Eric Lindros             0  0  0  -1  4   2  1  0  10 21 
Jaromir Jagr             0  0  0   0  2   5  0  0  1  19 
Jason Blake              0  0  0  -1  0   4  0  0  0  17 
Jay Pandolfo             0  0  0  -1  0   0  0  1  2  17 
Mats Sundin              0  1  1   0  2   4  1  0  24 19 
Nolan Pratt              0  0  0   0  0   0  1  0  0  21 
Pierre Turgeon           0  0  0   0  0   0  0  0  0  1  
Ruslan Fedotenko         0  0  0  -1  4   1  1  0  2  16 
Tim Taylor               0  0  0  -1  2   1  2  0  32 19 
Tom Poti                 0  0  0  -1  0   3  1  3  0  21 
Vaclav Prospal           0  0  0   0  0   1  0  0  1  17 
Vincent Lecavalier       1  0  1  -1  0   6  1  0  29 20 
Willie Mitchell          0  1  1   0  0   1  1  0  0  21 

3 Stars

1 - Paul Martin (NJD)
2 - Ryan Getzlaf (NJD)
3 - Daniel Alfredsson (NJD)

Power Play

Devils - 2 on 9 Attempt(s) - 22.22%
Lightning - 1 on 6 Attempt(s) - 16.67%

Penalty Kill

Devils - 5 on 6 Attempt(s) - 83.33% - Score 1 goal in Penalty Kill
Lightning - 7 on 9 Attempt(s) - 77.78% - Score 0 goal in Penalty Kill

Game Notes

Jean-Sebastien Aubin enters game at 8:44 of 2nd period

Finance

Level 1 -- Attendance: 3986 (66.43%) -- Ticket Income $398,600.00
Level 2 -- Attendance: 3577 (71.55%) -- Ticket Income $214,620.00
Level 3 -- Attendance: 1230 (61.52%) -- Ticket Income $49,200.00
Level 4 -- Attendance: 1749 (43.74%) -- Ticket Income $61,215.00
Luxury Box -- Attendance: 534 (53.39%) -- Ticket Income $160,200.00
Game was played at the St. Pete Times Forum
Total Attendance: 11076 (56.06%)
Total Ticket Income: $884,095.10
Other Income: $159,953.10
Total Income: $1,044,048.00


Play by Play

Period #1

0:01 of 1st period - Eric Lindros wins face-off versus Michael Nylander in neutral zone.
0:12 of 1st period - Shot by Vincent Lecavalier.
0:12 of 1st period - Shot Misses the Net.
0:14 of 1st period - Shot by Jason Blake.
0:14 of 1st period - Shot Misses the Net.
0:16 of 1st period - Shot by Willie Mitchell.
0:16 of 1st period - Shot Misses the Net.
0:20 of 1st period - Shot by Vincent Lecavalier.
0:20 of 1st period - Deflect By Jason Blake.
0:20 of 1st period - Shot Misses the Net.
0:22 of 1st period - Shot by Vincent Lecavalier.
0:22 of 1st period - Stopped by Martin Brodeur without a rebound.
0:23 of 1st period - Mats Sundin wins face-off versus Ryan Getzlaf in Devils zone.
0:37 of 1st period - Shot by Jaromir Jagr.
0:37 of 1st period - Shot Misses the Net.
0:44 of 1st period - Minor Penalty to Mats Sundin for Interference.
0:45 of 1st period - Michael Nylander wins face-off versus Tim Taylor in neutral zone.
2:46 of 1st period - Minor Penalty to Jamie Langenbrunner for Hooking.
2:47 of 1st period - Vincent Lecavalier wins face-off versus John Madden in neutral zone.
3:07 of 1st period - Shot by Jason Blake.
3:07 of 1st period - Shot Misses the Net.
3:16 of 1st period - Shot by Jason Blake.
3:16 of 1st period - Stopped by Martin Brodeur without a rebound.
3:17 of 1st period - Mats Sundin wins face-off versus Ryan Getzlaf in Devils zone.
3:51 of 1st period - Shot by Jaromir Jagr.
3:51 of 1st period - Stopped by Martin Brodeur with a rebound.
3:53 of 1st period - Shot by Willie Mitchell.
3:53 of 1st period - Stopped by Martin Brodeur without a rebound.
3:54 of 1st period - Vincent Lecavalier wins face-off versus Ryan Getzlaf in Devils zone.
3:55 of 1st period - Shot by Jason Blake.
3:55 of 1st period - Stopped by Martin Brodeur without a rebound.
3:56 of 1st period - John Madden wins face-off versus Vincent Lecavalier in Devils zone.
4:02 of 1st period - Icing by Cory Sarich.
4:03 of 1st period - Ryan Getzlaf wins face-off versus Vincent Lecavalier in Lightning zone.
4:18 of 1st period - Shot by Tom Poti.
4:18 of 1st period - Stopped by Martin Brodeur with a rebound.
4:20 of 1st period - Shot by Tom Poti.
4:20 of 1st period - Shot Misses the Net.
4:22 of 1st period - Shot by Eric Lindros.
4:22 of 1st period - Stopped by Martin Brodeur without a rebound.
4:23 of 1st period - Mats Sundin wins face-off versus John Madden in Devils zone.
4:53 of 1st period - Shot by Dimitry Afanasenkov.
4:53 of 1st period - Shot Misses the Net.
4:55 of 1st period - Shot by Carlo Colaiacovo.
4:55 of 1st period - Shot Misses the Net.
5:03 of 1st period - Shot by Dimitry Afanasenkov.
5:03 of 1st period - Shot Blocked by Timo Helbling.
5:05 of 1st period - Shot by Tom Poti.
5:05 of 1st period - Shot Misses the Net.
5:07 of 1st period - Shot by Tim Taylor.
5:07 of 1st period - Stopped by Martin Brodeur without a rebound.
5:08 of 1st period - Michael Nylander wins face-off versus Eric Lindros in Devils zone.
6:02 of 1st period - Minor Penalty to Chris Phillips for Hooking.
6:03 of 1st period - Tim Taylor wins face-off versus Ryan Getzlaf in Lightning zone.
6:38 of 1st period - Shot by Ryan Getzlaf.
6:38 of 1st period - Stopped by Martin Gerber with a rebound.
7:16 of 1st period - Willie Mitchell is hit by Zach Parise and loses puck.
7:57 of 1st period - Shot by Jean-Pierre Dumont.
7:57 of 1st period - Shot Misses the Net.
7:59 of 1st period - Shot by Paul Martin.
7:59 of 1st period - Goal by Paul Martin - Devils : 1 - Lightning : 0.
8:00 of 1st period - Miroslav Satan wins face-off versus Mats Sundin in neutral zone.
9:40 of 1st period - Shot by Ryan Getzlaf.
9:40 of 1st period - Stopped by Martin Gerber without a rebound.
9:41 of 1st period - Ryan Getzlaf wins face-off versus Ruslan Fedotenko in Lightning zone.
9:52 of 1st period - Shot by Ryan Getzlaf.
9:52 of 1st period - Shot Misses the Net.
9:54 of 1st period - Shot by Daniel Alfredsson.
9:54 of 1st period - Shot Misses the Net.
9:56 of 1st period - Shot by Brad Lukowich.
9:56 of 1st period - Shot Misses the Net.
9:58 of 1st period - Shot by Jean-Pierre Dumont.
9:58 of 1st period - Shot Misses the Net.
10:02 of 1st period - Shot by Daniel Alfredsson.
10:02 of 1st period - Stopped by Martin Gerber without a rebound.
10:03 of 1st period - Eric Lindros wins face-off versus Travis Zajac in Lightning zone.
10:33 of 1st period - Shot by Miroslav Satan.
10:33 of 1st period - Goal by Miroslav Satan - Devils : 2 - Lightning : 0.
10:34 of 1st period - Ryan Getzlaf wins face-off versus Tim Taylor in neutral zone.
10:44 of 1st period - Icing by Brad Lukowich.
10:45 of 1st period - Tim Taylor wins face-off versus Ryan Getzlaf in Devils zone.
10:49 of 1st period - Minor Penalty to Tim Taylor for Slashing.
10:50 of 1st period - Michael Nylander wins face-off versus Eric Lindros in Devils zone.
10:57 of 1st period - Shot by Zach Parise.
10:57 of 1st period - Shot Misses the Net.
10:59 of 1st period - Shot by Zach Parise.
10:59 of 1st period - Stopped by Martin Gerber without a rebound.
11:00 of 1st period - Ryan Getzlaf wins face-off versus Vincent Lecavalier in Lightning zone.
11:01 of 1st period - Shot by Patrik Elias.
11:01 of 1st period - Goal by Patrik Elias - Devils : 3 - Lightning : 0.
11:02 of 1st period - John Madden wins face-off versus Tim Taylor in neutral zone.
11:30 of 1st period - Shot by Juraj Kolnik.
11:30 of 1st period - Shot Misses the Net.
11:37 of 1st period - Icing by Cory Sarich.
11:38 of 1st period - Tim Taylor wins face-off versus Ryan Getzlaf in Lightning zone.
12:03 of 1st period - Shot by Daniel Alfredsson.
12:03 of 1st period - Shot Misses the Net.
12:19 of 1st period - Tom Poti is hit by Daniel Alfredsson and loses puck.
12:33 of 1st period - Minor Penalty to Eric Lindros for Hooking.
12:34 of 1st period - Tim Taylor wins face-off versus Michael Nylander in Devils zone.
12:59 of 1st period - Shot by Zach Parise.
12:59 of 1st period - Shot Misses the Net.
14:39 of 1st period - Miroslav Satan is hit by Nolan Pratt and loses puck.
14:48 of 1st period - Shot by Miroslav Satan.
14:48 of 1st period - Stopped by Martin Gerber without a rebound.
14:49 of 1st period - Tim Taylor wins face-off versus John Madden in Lightning zone.
16:02 of 1st period - Shot by Miroslav Satan.
16:02 of 1st period - Shot Misses the Net.
16:15 of 1st period - Minor Penalty to Eric Lindros for Holding.
16:16 of 1st period - Vincent Lecavalier wins face-off versus Ryan Getzlaf in neutral zone.
16:28 of 1st period - Shot by Jean-Pierre Dumont.
16:28 of 1st period - Stopped by Martin Gerber without a rebound.
16:29 of 1st period - Tim Taylor wins face-off versus Ryan Getzlaf in Lightning zone.
16:41 of 1st period - Ryan Getzlaf is hit by Willie Mitchell.
16:45 of 1st period - Shot by Paul Martin.
16:45 of 1st period - Shot Blocked by Cory Sarich.
16:49 of 1st period - Shot by Jean-Pierre Dumont.
16:49 of 1st period - Shot Blocked by Cory Sarich.
18:32 of 1st period - Shot by Jamie Langenbrunner.
18:32 of 1st period - Stopped by Martin Gerber without a rebound.
18:33 of 1st period - John Madden wins face-off versus Mats Sundin in Lightning zone.
18:34 of 1st period - Shot by Juraj Kolnik.
18:34 of 1st period - Stopped by Martin Gerber without a rebound.
18:35 of 1st period - Mats Sundin wins face-off versus John Madden in Lightning zone.
18:42 of 1st period - Shot by Mats Sundin.
18:42 of 1st period - Stopped by Martin Brodeur without a rebound.
18:43 of 1st period - Vincent Lecavalier wins face-off versus Travis Zajac in Devils zone.
18:58 of 1st period - Icing by Jason Blake.
18:59 of 1st period - John Madden wins face-off versus Vincent Lecavalier in Lightning zone.
19:08 of 1st period - Shot by Ben Eager.
19:08 of 1st period - Shot Blocked by Tom Poti.
19:11 of 1st period - Icing by Willie Mitchell.
19:12 of 1st period - Vincent Lecavalier wins face-off versus Ryan Getzlaf in Lightning zone.
19:25 of 1st period - Shot by Ryan Getzlaf.
19:25 of 1st period - Shot Misses the Net.

Period #2

0:01 of 2nd period - Michael Nylander wins face-off versus Vincent Lecavalier in neutral zone.
0:08 of 2nd period - Shot by Michael Nylander.
0:08 of 2nd period - Shot Misses the Net.
0:10 of 2nd period - Shot by Brendan Witt.
0:10 of 2nd period - Stopped by Martin Gerber without a rebound.
0:11 of 2nd period - Mats Sundin wins face-off versus Ryan Getzlaf in Lightning zone.
0:26 of 2nd period - Shot by Mats Sundin.
0:26 of 2nd period - Stopped by Martin Brodeur without a rebound.
0:27 of 2nd period - Vincent Lecavalier wins face-off versus Michael Nylander in Devils zone.
0:28 of 2nd period - Shot by Jason Blake.
0:28 of 2nd period - Deflect By Vincent Lecavalier.
0:28 of 2nd period - Stopped by Martin Brodeur with a rebound.
0:38 of 2nd period - Willie Mitchell is hit by Zach Parise.
1:10 of 2nd period - Icing by Zach Parise.
1:11 of 2nd period - Mats Sundin wins face-off versus Michael Nylander in Devils zone.
1:18 of 2nd period - Shot by Jaromir Jagr.
1:18 of 2nd period - Stopped by Martin Brodeur without a rebound.
1:19 of 2nd period - Ryan Getzlaf wins face-off versus Tim Taylor in Devils zone.
1:34 of 2nd period - Shot by Jean-Pierre Dumont.
1:34 of 2nd period - Shot Misses the Net.
1:36 of 2nd period - Shot by Ryan Getzlaf.
1:36 of 2nd period - Stopped by Martin Gerber without a rebound.
1:37 of 2nd period - Travis Zajac wins face-off versus Mats Sundin in Lightning zone.
1:40 of 2nd period - Shot by Miroslav Satan.
1:40 of 2nd period - Stopped by Martin Gerber without a rebound.
1:41 of 2nd period - Travis Zajac wins face-off versus Mats Sundin in Lightning zone.
1:59 of 2nd period - Shot by Travis Zajac.
1:59 of 2nd period - Shot Misses the Net.
3:35 of 2nd period - Shot by Vincent Lecavalier.
3:35 of 2nd period - Goal by Vincent Lecavalier - Devils : 3 - Lightning : 1.
3:36 of 2nd period - John Madden wins face-off versus Tim Taylor in neutral zone.
3:43 of 2nd period - Shot by John Madden.
3:43 of 2nd period - Stopped by Martin Gerber with a rebound.
3:45 of 2nd period - Shot by John Madden.
3:45 of 2nd period - Shot Blocked by Carlo Colaiacovo.
4:30 of 2nd period - Timo Helbling is hit by Ruslan Fedotenko and loses puck.
4:42 of 2nd period - Icing by Cory Sarich.
4:43 of 2nd period - Travis Zajac wins face-off versus Tim Taylor in Lightning zone.
4:57 of 2nd period - Icing by Timo Helbling.
4:58 of 2nd period - Travis Zajac wins face-off versus Vincent Lecavalier in Devils zone.
5:05 of 2nd period - Shot by Jamie Langenbrunner.
5:05 of 2nd period - Shot Misses the Net.
6:48 of 2nd period - Shot by Tim Taylor.
6:48 of 2nd period - Shot Misses the Net.
6:50 of 2nd period - Shot by Tom Poti.
6:50 of 2nd period - Stopped by Martin Brodeur without a rebound.
6:51 of 2nd period - Vincent Lecavalier wins face-off versus Ryan Getzlaf in Devils zone.
6:51 of 2nd period - Jason Blake is hit by Colin White and loses puck.
6:59 of 2nd period - Vincent Lecavalier is hit by Colin White and loses puck.
7:07 of 2nd period - Icing by Colin White.
7:08 of 2nd period - Ryan Getzlaf wins face-off versus Mats Sundin in Devils zone.
7:17 of 2nd period - Shot by Vaclav Prospal.
7:17 of 2nd period - Shot Blocked by Colin White.
7:21 of 2nd period - Shot by Mats Sundin.
7:21 of 2nd period - Stopped by Martin Brodeur without a rebound.
7:22 of 2nd period - Michael Nylander wins face-off versus Tim Taylor in Devils zone.
7:26 of 2nd period - Icing by Zach Parise.
7:27 of 2nd period - Eric Lindros wins face-off versus Michael Nylander in Devils zone.
7:40 of 2nd period - Shot by Vincent Lecavalier.
7:40 of 2nd period - Stopped by Martin Brodeur without a rebound.
7:41 of 2nd period - Tim Taylor wins face-off versus Ryan Getzlaf in Devils zone.
8:42 of 2nd period - Shot by Michael Nylander.
8:42 of 2nd period - Shot Blocked by Jay Pandolfo.
8:44 of 2nd period - Shot by Brendan Witt.
8:44 of 2nd period - Goal by Brendan Witt - Devils : 4 - Lightning : 1.
8:44 of 2nd period - Jean-Sebastien Aubin enters game.
8:45 of 2nd period - John Madden wins face-off versus Vincent Lecavalier in neutral zone.
8:58 of 2nd period - Shot by Juraj Kolnik.
8:58 of 2nd period - Shot Blocked by Tom Poti.
9:00 of 2nd period - Shot by Ben Eager.
9:00 of 2nd period - Shot Misses the Net.
9:04 of 2nd period - Shot by Juraj Kolnik.
9:04 of 2nd period - Stopped by Jean-Sebastien Aubin without a rebound.
9:05 of 2nd period - Michael Nylander wins face-off versus Jaromir Jagr in Lightning zone.
9:16 of 2nd period - Shot by Mats Sundin.
9:16 of 2nd period - Shot Misses the Net.
9:20 of 2nd period - Shot by Jaromir Jagr.
9:20 of 2nd period - Stopped by Martin Brodeur with a rebound.
9:28 of 2nd period - Shot by Jaromir Jagr.
9:28 of 2nd period - Stopped by Martin Brodeur with a rebound.
9:30 of 2nd period - Shot by Jaromir Jagr.
9:30 of 2nd period - Shot Misses the Net.
9:32 of 2nd period - Shot by Mats Sundin.
9:32 of 2nd period - Shot Blocked by Zach Parise.
9:47 of 2nd period - Icing by Vaclav Prospal.
9:48 of 2nd period - Mats Sundin wins face-off versus Ryan Getzlaf in Lightning zone.
9:48 of 2nd period - Mats Sundin is hit by Daniel Alfredsson.
10:34 of 2nd period - Shot by Jason Blake.
10:34 of 2nd period - Stopped by Martin Brodeur without a rebound.
10:35 of 2nd period - Jamie Langenbrunner wins face-off versus Tim Taylor in Devils zone.
11:07 of 2nd period - Shot by Jamie Langenbrunner.
11:07 of 2nd period - Stopped by Jean-Sebastien Aubin without a rebound.
11:08 of 2nd period - Michael Nylander wins face-off versus Vincent Lecavalier in Lightning zone.
11:26 of 2nd period - Icing by Chris Chelios.
11:27 of 2nd period - Michael Nylander wins face-off versus Vincent Lecavalier in Devils zone.
11:36 of 2nd period - Icing by Jason Blake.
11:37 of 2nd period - Vincent Lecavalier wins face-off versus Jean-Pierre Dumont in Lightning zone.
11:56 of 2nd period - Shot by Jason Blake.
11:56 of 2nd period - Stopped by Martin Brodeur without a rebound.
11:57 of 2nd period - Mats Sundin wins face-off versus Travis Zajac in Devils zone.
12:15 of 2nd period - Icing by Paul Martin.
12:16 of 2nd period - Tim Taylor wins face-off versus Travis Zajac in Devils zone.
12:17 of 2nd period - Shot by Carlo Colaiacovo.
12:17 of 2nd period - Deflect By Ruslan Fedotenko.
12:17 of 2nd period - Shot Misses the Net.
12:18 of 2nd period - Minor Penalty to Ruslan Fedotenko for Hooking.
12:19 of 2nd period - Tim Taylor wins face-off versus Michael Nylander in Devils zone.
12:27 of 2nd period - Icing by Brendan Witt.
12:28 of 2nd period - Michael Nylander wins face-off versus Tim Taylor in Devils zone.
12:30 of 2nd period - Icing by Zach Parise.
12:31 of 2nd period - Eric Lindros wins face-off versus Michael Nylander in Devils zone.
12:44 of 2nd period - Shot by Michael Nylander.
12:44 of 2nd period - Stopped by Jean-Sebastien Aubin without a rebound.
12:45 of 2nd period - Ryan Getzlaf wins face-off versus Tim Taylor in Lightning zone.
12:47 of 2nd period - Minor Penalty to Patrik Elias for Tripping.
12:48 of 2nd period - Ryan Getzlaf wins face-off versus Vincent Lecavalier in Lightning zone.
12:48 of 2nd period - Daniel Alfredsson is hit by Cory Sarich and loses puck.
12:55 of 2nd period - Shot by Vincent Lecavalier.
12:55 of 2nd period - Stopped by Martin Brodeur without a rebound.
12:56 of 2nd period - Mats Sundin wins face-off versus Michael Nylander in Devils zone.
13:00 of 2nd period - Mats Sundin is hit by Brendan Witt and loses puck.
13:05 of 2nd period - Shot by Jaromir Jagr.
13:05 of 2nd period - Shot Misses the Net.
13:35 of 2nd period - Icing by Chris Phillips.
13:36 of 2nd period - Mats Sundin wins face-off versus Ryan Getzlaf in Lightning zone.
13:36 of 2nd period - Mats Sundin is hit by Daniel Alfredsson.
14:18 of 2nd period - Shot by Daniel Alfredsson.
14:18 of 2nd period - Goal by Daniel Alfredsson - Devils : 5 - Lightning : 1.
14:19 of 2nd period - Vincent Lecavalier wins face-off versus John Madden in neutral zone.
14:23 of 2nd period - Jason Blake is hit by Colin White and loses puck.
14:52 of 2nd period - Off-side.
14:53 of 2nd period - Tim Taylor wins face-off versus Michael Nylander in neutral zone.
15:05 of 2nd period - Minor Penalty to Ruslan Fedotenko for Hooking.
15:06 of 2nd period - Michael Nylander wins face-off versus Tim Taylor in Devils zone.
15:18 of 2nd period - Icing by Paul Martin.
15:19 of 2nd period - Michael Nylander wins face-off versus Tim Taylor in Devils zone.
15:35 of 2nd period - Icing by Michael Nylander.
15:36 of 2nd period - Tim Taylor wins face-off versus Michael Nylander in Devils zone.
16:34 of 2nd period - Shot by Daniel Alfredsson.
16:34 of 2nd period - Stopped by Jean-Sebastien Aubin without a rebound.
16:35 of 2nd period - Eric Lindros wins face-off versus Michael Nylander in Lightning zone.
17:30 of 2nd period - Shot by Jaromir Jagr.
17:30 of 2nd period - Shot Misses the Net.
17:47 of 2nd period - Icing by Timo Helbling.
17:48 of 2nd period - Ruslan Fedotenko wins face-off versus Miroslav Satan in Devils zone.
18:19 of 2nd period - Shot by Juraj Kolnik.
18:19 of 2nd period - Shot Misses the Net.
18:23 of 2nd period - Shot by Brendan Witt.
18:23 of 2nd period - Shot Misses the Net.
18:25 of 2nd period - Shot by Juraj Kolnik.
18:25 of 2nd period - Deflect By John Madden.
18:25 of 2nd period - Stopped by Jean-Sebastien Aubin without a rebound.
18:26 of 2nd period - Vincent Lecavalier wins face-off versus Ryan Getzlaf in Lightning zone.
18:26 of 2nd period - Vincent Lecavalier is hit by Ryan Getzlaf.
18:34 of 2nd period - Daniel Alfredsson is hit by Eric Lindros and loses puck.
18:41 of 2nd period - Shot by Vincent Lecavalier.
18:41 of 2nd period - Stopped by Martin Brodeur without a rebound.
18:42 of 2nd period - Mats Sundin wins face-off versus Patrik Elias in Devils zone.
18:44 of 2nd period - Minor Penalty to Brendan Witt for Hooking.
18:45 of 2nd period - Vincent Lecavalier wins face-off versus Ryan Getzlaf in Devils zone.
18:46 of 2nd period - Shot by Tom Poti.
18:46 of 2nd period - Shot Misses the Net.
19:38 of 2nd period - Shot by Daniel Alfredsson.
19:38 of 2nd period - Shot Misses the Net.

Period #3

0:01 of 3rd period - Ryan Getzlaf wins face-off versus Mats Sundin in neutral zone.
0:12 of 3rd period - Shot by Mats Sundin.
0:12 of 3rd period - Shot Misses the Net.
0:14 of 3rd period - Shot by Chris Phillips.
0:14 of 3rd period - Stopped by Martin Brodeur without a rebound.
0:15 of 3rd period - Ryan Getzlaf wins face-off versus Vincent Lecavalier in Devils zone.
0:15 of 3rd period - Ryan Getzlaf is hit by Vincent Lecavalier.
0:40 of 3rd period - Shot by Jason Blake.
0:40 of 3rd period - Shot Misses the Net.
0:41 of 3rd period - Minor Penalty to Colin White for Hooking.
0:42 of 3rd period - John Madden wins face-off versus Mats Sundin in Devils zone.
0:55 of 3rd period - Shot by Jaromir Jagr.
0:55 of 3rd period - Stopped by Martin Brodeur without a rebound.
0:56 of 3rd period - Mats Sundin wins face-off versus Ryan Getzlaf in Devils zone.
1:01 of 3rd period - Shot by Mats Sundin.
1:01 of 3rd period - Shot Misses the Net.
1:03 of 3rd period - Shot by Carlo Colaiacovo.
1:03 of 3rd period - Goal by Carlo Colaiacovo - Devils : 5 - Lightning : 2.
1:04 of 3rd period - Vincent Lecavalier wins face-off versus Travis Zajac in neutral zone.
1:31 of 3rd period - Shot by Miroslav Satan.
1:31 of 3rd period - Stopped by Jean-Sebastien Aubin without a rebound.
1:32 of 3rd period - Mats Sundin wins face-off versus Michael Nylander in Lightning zone.
2:31 of 3rd period - Shot by Ruslan Fedotenko.
2:31 of 3rd period - Stopped by Martin Brodeur without a rebound.
2:32 of 3rd period - Ryan Getzlaf wins face-off versus Vincent Lecavalier in Devils zone.
2:34 of 3rd period - Icing by Daniel Alfredsson.
2:35 of 3rd period - Ryan Getzlaf wins face-off versus Vincent Lecavalier in Devils zone.
3:07 of 3rd period - Shot by Jason Blake.
3:07 of 3rd period - Shot Misses the Net.
3:09 of 3rd period - Shot by Willie Mitchell.
3:09 of 3rd period - Shot Blocked by Colin White.
3:13 of 3rd period - Shot by Jason Blake.
3:13 of 3rd period - Shot Misses the Net.
3:15 of 3rd period - Shot by Jason Blake.
3:15 of 3rd period - Shot Blocked by Colin White.
3:17 of 3rd period - Shot by Eric Lindros.
3:17 of 3rd period - Stopped by Martin Brodeur with a rebound.
3:19 of 3rd period - Shot by Tom Poti.
3:19 of 3rd period - Stopped by Martin Brodeur without a rebound.
3:20 of 3rd period - Travis Zajac wins face-off versus Jay Pandolfo in Devils zone.
3:20 of 3rd period - Travis Zajac is hit by Tim Taylor.
3:26 of 3rd period - Shot by Miroslav Satan.
3:26 of 3rd period - Shot Misses the Net.
3:41 of 3rd period - Icing by Paul Martin.
3:42 of 3rd period - Travis Zajac wins face-off versus Mats Sundin in Devils zone.
3:42 of 3rd period - Jamie Langenbrunner is hit by Mats Sundin and loses puck.
4:27 of 3rd period - Minor Penalty to Chris Chelios for Tripping.
4:28 of 3rd period - Vincent Lecavalier wins face-off versus Ryan Getzlaf in Devils zone.
5:27 of 3rd period - Shot by Carlo Colaiacovo.
5:27 of 3rd period - Shot Misses the Net.
5:39 of 3rd period - Shot by Jaromir Jagr.
5:39 of 3rd period - Deflect By Mats Sundin.
5:39 of 3rd period - Shot Blocked by John Madden.
6:41 of 3rd period - Dimitry Afanasenkov is hit by Colin White and loses puck.
6:54 of 3rd period - Shot by Michael Nylander.
6:54 of 3rd period - Shot Misses the Net.
7:06 of 3rd period - Shot by Michael Nylander.
7:06 of 3rd period - Stopped by Jean-Sebastien Aubin without a rebound.
7:07 of 3rd period - Travis Zajac wins face-off versus Mats Sundin in Lightning zone.
7:23 of 3rd period - Minor Penalty to Jaromir Jagr for Tripping.
7:24 of 3rd period - Tim Taylor wins face-off versus Ryan Getzlaf in neutral zone.
9:35 of 3rd period - Off-side.
9:36 of 3rd period - Tim Taylor wins face-off versus Travis Zajac in neutral zone.
9:43 of 3rd period - Shot by Dimitry Afanasenkov.
9:43 of 3rd period - Shot Misses the Net.
9:50 of 3rd period - Icing by Paul Martin.
9:51 of 3rd period - Jamie Langenbrunner wins face-off versus Vincent Lecavalier in Devils zone.
10:11 of 3rd period - Shot by Vincent Lecavalier.
10:11 of 3rd period - Shot Blocked by Paul Martin.
10:39 of 3rd period - Icing by Chris Phillips.
10:40 of 3rd period - John Madden wins face-off versus Mats Sundin in Lightning zone.
10:59 of 3rd period - Shot by Mats Sundin.
10:59 of 3rd period - Stopped by Martin Brodeur without a rebound.
11:00 of 3rd period - Ryan Getzlaf wins face-off versus Jay Pandolfo in Devils zone.
11:16 of 3rd period - Ruslan Fedotenko is hit by Brad Lukowich and loses puck.
11:21 of 3rd period - Shot by Carlo Colaiacovo.
11:21 of 3rd period - Shot Misses the Net.
11:42 of 3rd period - Shot by Ruslan Fedotenko.
11:42 of 3rd period - Shot Misses the Net.
12:01 of 3rd period - Icing by Chris Phillips.
12:02 of 3rd period - Vaclav Prospal wins face-off versus Michael Nylander in Lightning zone.
12:10 of 3rd period - Double Minor Penalty to Chris Phillips for Slashing.
12:11 of 3rd period - Tim Taylor wins face-off versus Michael Nylander in Lightning zone.
12:46 of 3rd period - Michael Nylander is hit by Tom Poti and loses puck.
13:09 of 3rd period - Shot by Ryan Getzlaf.
13:09 of 3rd period - Shot Misses the Net.
13:11 of 3rd period - Shot by Ryan Getzlaf.
13:11 of 3rd period - Stopped by Jean-Sebastien Aubin without a rebound.
13:12 of 3rd period - Tim Taylor wins face-off versus Michael Nylander in Lightning zone.
13:18 of 3rd period - Icing by Chris Chelios.
13:19 of 3rd period - Michael Nylander wins face-off versus Tim Taylor in Devils zone.
13:26 of 3rd period - Shot by Michael Nylander.
13:26 of 3rd period - Stopped by Jean-Sebastien Aubin without a rebound.
13:27 of 3rd period - Tim Taylor wins face-off versus Ryan Getzlaf in Lightning zone.
14:22 of 3rd period - Shot by Paul Martin.
14:22 of 3rd period - Stopped by Jean-Sebastien Aubin without a rebound.
14:23 of 3rd period - Michael Nylander wins face-off versus Eric Lindros in Lightning zone.
14:47 of 3rd period - Shot by Daniel Alfredsson.
14:47 of 3rd period - Stopped by Jean-Sebastien Aubin without a rebound.
14:48 of 3rd period - Ryan Getzlaf wins face-off versus Eric Lindros in Lightning zone.
14:59 of 3rd period - Shot by Daniel Alfredsson.
14:59 of 3rd period - Shot Misses the Net.
15:01 of 3rd period - Shot by Jean-Pierre Dumont.
15:01 of 3rd period - Shot Blocked by Tom Poti.
15:03 of 3rd period - Shot by Jean-Pierre Dumont.
15:03 of 3rd period - Stopped by Jean-Sebastien Aubin without a rebound.
15:04 of 3rd period - Tim Taylor wins face-off versus Michael Nylander in Lightning zone.
15:15 of 3rd period - Shot by Michael Nylander.
15:15 of 3rd period - Stopped by Jean-Sebastien Aubin with a rebound.
15:17 of 3rd period - Shot by Brendan Witt.
15:17 of 3rd period - Stopped by Jean-Sebastien Aubin without a rebound.
15:18 of 3rd period - Eric Lindros wins face-off versus Michael Nylander in Lightning zone.
16:31 of 3rd period - Minor Penalty to Brad Lukowich for Hooking.
16:32 of 3rd period - John Madden wins face-off versus Vincent Lecavalier in Devils zone.
16:43 of 3rd period - Shot by Jason Blake.
16:43 of 3rd period - Shot Misses the Net.
16:47 of 3rd period - Shot by Vincent Lecavalier.
16:47 of 3rd period - Shot Misses the Net.
16:49 of 3rd period - Shot by Cory Sarich.
16:49 of 3rd period - Stopped by Martin Brodeur without a rebound.
16:50 of 3rd period - Mats Sundin wins face-off versus Ryan Getzlaf in Devils zone.
17:23 of 3rd period - Shot by Vaclav Prospal.
17:23 of 3rd period - Stopped by Martin Brodeur without a rebound.
17:24 of 3rd period - Vincent Lecavalier wins face-off versus John Madden in Devils zone.
18:01 of 3rd period - Shot by Vincent Lecavalier.
18:01 of 3rd period - Shot Blocked by Paul Martin.
18:03 of 3rd period - Shot by Cory Sarich.
18:03 of 3rd period - Shot Misses the Net.
18:34 of 3rd period - Icing by Chris Chelios.
18:35 of 3rd period - Michael Nylander wins face-off versus Tim Taylor in Devils zone.
18:35 of 3rd period - Michael Nylander is hit by Tim Taylor.
19:33 of 3rd period - Icing by Cory Sarich.
19:34 of 3rd period - Ryan Getzlaf wins face-off versus Tim Taylor in Lightning zone.
19:41 of 3rd period - Shot by Ryan Getzlaf.
19:41 of 3rd period - Shot Misses the Net.


Output by the SimonT Hockey Simulator (STHS) for Stephane Roy -- Original Page W3C XHTML 1.0 Valid